 Dungeon Crawl Stone Soup version 0.21-a0-405-gf2af9a1 (webtiles) character file.

920 karf the Shield-Bearer (level 8, -4/62 HPs)
             Began as a Formicid Fighter on Nov 1, 2017.
             Killed by divine providence
             ... invoked by an orc priest
              (10 damage)
             ... on level 5 of the Dungeon.
             The game lasted 00:07:25 (3172 turns).

karf the Shield-Bearer (Formicid Fighter)           Turns: 3172, Time: 00:07:25

Health: -4/62      AC:  9    Str: 20    XL:     8   Next: 31%
Magic:  17/17      EV:  9    Int:  9    God:
Gold:   248        SH: 11    Dex: 12    Spells: 7/7 levels left

rFire    . . .     SeeInvis +   a - +0 flail
rCold    . . .     Gourm    .   c - +0 shield
rNeg     . . .     Faith    .   b - +0 scale mail
rPois    .         Spirit   .   (helmet unavailable)
rElec    .         Reflect  .   o - -2 cloak (curse)
rCorr    .         Harm     .   h - +2 pair of gloves
MR       .....                  (no boots)
Stlth    +.........             (no amulet)
HPRegen  0.20/turn              l - ring of stealth
MPRegen  0.15/turn              m - ring of magical power

@: no status effects
A: permanent stasis, dig shafts and tunnels, four strong arms, antennae 3
a: Dig, Shaft Self


You were on level 5 of the Dungeon.
You were hungry.

You visited 1 branch of the dungeon, and saw 5 of its levels.

You collected 248 gold pieces.

Inventory:

Hand Weapons
 a - a +0 flail (weapon)
Armour
 b - a +0 scale mail (worn)
 c - a +0 shield (worn)
 h - a +2 pair of gloves (worn)
 o - a cursed -2 cloak (worn)
Jewellery
 i - an uncursed ring of wizardry
 j - an uncursed ring of ice
 l - a ring of stealth (left hand)
 m - a ring of magical power (right hand)
 y - an uncursed ring of magical power
Wands
 d - a wand of random effects (31/48)
Scrolls
 s - 6 scrolls of identify
 t - a scroll of teleportation
Potions
 e - 2 potions of flight
 g - a potion of resistance {unknown}
 k - 2 potions of mutation
 n - a potion of lignification {unknown}
 q - 2 potions of curing {unknown}
 u - a potion of haste {unknown}
 w - a potion of brilliance {unknown}
 x - a potion of might
Comestibles
 f - 3 bread rations
 p - 2 meat rations
 v - a royal jelly


   Skills:
 + Level 5.1 Fighting
 * Level 5.5 Maces & Flails
 + Level 5.1 Armour
 * Level 7.2 Shields


You had 7 spell levels left.
You didn't know any spells.

Dungeon Overview and Level Annotations

Branches:
Dungeon (5/15)             Temple (0/1) D:5

Altars:


Innate Abilities, Weirdness & Mutations

You cannot be hasted, slowed, berserked, paralysed or teleported.
You can dig through walls and to a lower floor.
Your four strong arms can wield two-handed weapons with a shield.
You have a pair of large antennae on your head. (SInv)


Message History

The orc priest mumbles some strange prayers to Beogh against you.
You struggle to resist.
The orc wizard mumbles some strange words.
The orc wizard blinks!
You hit the orc priest.
The orc priest is heavily wounded.
The orc priest mumbles some strange prayers to Beogh against you.
Beogh smites you!
* * * LOW HITPOINT WARNING * * *
The orc priest casts a cantrip, but nothing happens.
You closely miss the orc priest.
The orc priest is heavily wounded.
The orc priest hits you but does no damage.
The orc wizard casts a spell.
The orc wizard blinks!
You hit the orc priest.
The orc priest is severely wounded.
The orc priest calls down the wrath of Beogh upon you.
Beogh smites you!
You die...

,,,,,,*********,,,,,,,,_,,,,*,*
,,,,,,,,,,,,............,,,,*,*
,,,,*,**#####...........,,,,*,*
,*,**,,,{...#.<........⌠,,,,*,*
,*,***#####.#...(.......,,,,,,*
,,,,,,,....<....)>.....,,,,,,**
**,*,***#.....#.......,_,,,,**
,*,*,* #$...o.†.o#.##..,,,,*
,*,*,* *#.#..§.@)....#***,***
,*,*,*####....###.#...$.,,,,,*
,*,*,,........)...+,,...,,,,,*
,*,*,,.....##.#...#,,,,.,,,,,*
,*,*,,.......<#...#,,,,,,,,,,*
,,,***####.##.###.#,,,,,,,,,,*
,,,* #,*#.# *.#,,,,,,,,,,* ,,,*
*,*#.# *.#,,,,,,,,,,* ,,,*
*,*#.# *,*,,,,,,,,,,*


You could see an orc priest and an orc wizard.

Vanquished Creatures
  Sigmund (D:2)
  Duvessa (D:4)
  2 ogres (D:4)
  Dowan (D:4)
  A crimson imp (D:3)
  A jelly (D:4)
  2 hounds
  Crazy Yiuf (D:2)
  An orc priest (D:3)
  An orc wizard (D:5)
  Jessica (D:2)
  3 worker ants
  6 adders
  2 worms
  2 dart slugs
  A leopard gecko (D:1)
  5 orcs
  5 giant cockroaches
  6 goblins
  5 hobgoblins
  5 jackals (D:4)
  3 quokkas
  A ball python (D:3)
  5 bats
  5 frilled lizards
  7 kobolds
  6 rats
80 creatures vanquished.

Notes
Turn   | Place    | Note
-------+----------+-------------------------------------------
     0 | D:1      | karf the Formicid Fighter began the quest for the Orb.
     0 | D:1      | Reached XP level 1. HP: 18/18 MP: 1/1
    66 | D:1      | Reached XP level 2. HP: 21/24 MP: 2/2
   331 | D:1      | Reached skill level 4 in Shields
   575 | D:2      | Reached XP level 3. HP: 29/29 MP: 3/3
   645 | D:2      | Reached XP level 4. HP: 34/36 MP: 4/4
   678 | D:2      | Found a runed door.
   682 | D:2      | Noticed Crazy Yiuf
   691 | D:2      | Killed Crazy Yiuf
  1045 | D:2      | Noticed Sigmund
  1053 | D:2      | Killed Sigmund
  1053 | D:2      | Reached skill level 5 in Shields
  1053 | D:2      | Reached XP level 5. HP: 37/42 MP: 5/5
  1053 | D:2      | Reached XP level 6. HP: 43/48 MP: 6/6
  1068 | D:2      | Noticed Jessica
  1069 | D:2      | Killed Jessica
  1523 | D:3      | Reached XP level 7. HP: 40/55 MP: 7/7
  1701 | D:3      | Reached skill level 6 in Shields
  2277 | D:4      | Noticed Dowan
  2278 | D:4      | Noticed Duvessa
  2311 | D:4      | Killed Duvessa
  2314 | D:4      | Reached skill level 5 in Maces & Flails
  2432 | D:4      | Killed Dowan
  2432 | D:4      | Reached XP level 8. HP: 61/61 MP: 8/8
  2831 | D:4      | Reached skill level 5 in Fighting
  2831 | D:4      | Reached skill level 5 in Armour
  2831 | D:4      | Reached skill level 7 in Shields
  3143 | D:5      | Entered Level 5 of the Dungeon
  3172 | D:5      | Killed from afar by an orc priest

Vault maps used:
D:1:      scummos_arrival_checkerplants, minmay_cut_off
D:2:      uniq_jessica, uniq_crazy_yiuf_cottage, uniq_sigmund
D:3:      roderic_serpentine_path
D:4:      first_bread, uniq_duvessa
D:5:      grunt_temple_overflow_open, minmay_temple_entry_statues_pillars

Skill      XL: |  1  2  3  4  5  6  7  8 |
---------------+-------------------------+-----
Shields        | 4 5 6 7 |  7.2
Maces & Flails | 3 4 5 |  5.5
Fighting       | 4 5 |  5.1
Armour         | 4 5 |  5.1

Action                   |  1- 3 |  4- 6 |  7- 9 || total
-------------------------+-------+-------+-------++-------
Melee: Flail             |    86 |    85 |   167 ||   338
  Use: Scroll            |       |     3 |     2 ||     5
       Potion            |       |     1 |       ||     1
  Eat: Chunk             |       |     2 |     5 ||     7
Armor: Scale mail        |    30 |    64 |    59 ||   153
Dodge: Dodged            |    27 |    61 |    67 ||   155
Block: Shield            |    43 |    64 |   106 ||   213

Table legend:
 A = Spawn XP
 B = Non-spawn XP
 C = Spawn XP percentage of total XP
 D = Spawn monster count
 E = Non-spawn monster count
 F = Spawn count percentage of total count
 G = Total turns spent on level
                    A         B        C        D         E        F      G
               +---------+---------+-------+---------+---------+-------+---------
         Total |       0 |    1315 |   0.0 |       0 |      80 |   0.0 |  3172
               +---------+---------+-------+---------+---------+-------+---------
           D:1 |       0 |      28 |   0.0 |       0 |      18 |   0.0 |   574
           D:2 |       0 |     401 |   0.0 |       0 |      16 |   0.0 |   872
           D:3 |       0 |     167 |   0.0 |       0 |      24 |   0.0 |   746
           D:4 |       0 |     640 |   0.0 |       0 |      20 |   0.0 |   951
           D:5 |       0 |      79 |   0.0 |       0 |       2 |   0.0 |    29
               +---------+---------+-------+---------+---------+-------+---------
